 Dungeon Crawl Stone Soup version 0.29-a0-25-g7f48f510a0 (webtiles) character file.

Game seed: 7664487318539188578

109 lunkers the Poker (level 4, -1/35 HPs)
             Began as a Merfolk Gladiator on Jan 31, 2022.
             Succumbed to Eustachio's poison
             ... on level 4 of the Dungeon.
             The game lasted 00:06:18 (2700 turns).

lunkers the Poker (Merfolk Gladiator)               Turns: 2700, Time: 00:06:19

Health: -1/35      AC:  8    Str: 14    XL:     4   Next: 89%
Magic:  4/4        EV: 11    Int:  7    God:
Gold:   98         SH:  0    Dex: 23    Spells: 3/3 levels left

rFire   . . .      SeeInvis .   a - +0 trident
rCold   . . .      Faith    .   (no shield)
rNeg    . . .      Spirit   .   h - +0 scale mail
rPois   .          Reflect  .   c - +0 helmet
rElec   .          Harm     .   n - +0 cloak
rCorr   .          Rampage  .   (no gloves)
Will    .....                   (no boots)
Stlth   +.........              (no amulet)
HPRegen 0.11/turn               e - +6 ring of dexterity
MPRegen 0.09/turn               (no ring)

@: mighty, lethally poisoned (-1 -> -25)
A: (nimble swimmer 2), mertail
a: no special abilities


You were on level 4 of the Dungeon.
You visited 1 branch of the dungeon, and saw 4 of its levels.

You collected 98 gold pieces.

Inventory:

Hand Weapons
 a - a +0 trident (weapon)
Armour
 c - a +0 helmet (worn)
 h - a +0 scale mail (worn)
 n - a +0 cloak (worn)
Jewellery
 e - a +6 ring of dexterity (left hand)
Scrolls
 b - a scroll of immolation {unknown}
 k - a scroll of teleportation {unknown}
 l - a scroll of enchant armour {unknown}
 m - 4 scrolls of identify {unknown}
Potions
 f - a potion of magic {unknown}
 g - a potion of might
 i - a potion of berserk rage {unknown}
 j - a potion of heal wounds {unknown}


   Skills:
 + Level 3.5 Fighting
 * Level 6.9 Polearms
 - Level 2.0 Throwing
 - Level 4.0 Dodging


You had 3 spell levels left.
You didn't know any spells.
Your spell library was empty.

Dungeon Overview and Level Annotations

Branches:
Dungeon (4/15)
 Temple: D:4-7

Altars:
The Shining One

Annotations:
D:4 Eustachio


Innate Abilities, Weirdness & Mutations

((You are very nimble when in or above water. (Stealth+, EV+, Speed+++)))
Your lower body shifts to a powerful aquatic tail in water.


Message History

Press: ? - help, Shift-Dir - straight line, f/p - Eustachio
Aim: Eustachio, wielding a +0 rapier of venom and wearing a +0 leather armour (lightly wounded, 56% to hit)
You throw a throwing net.
The throwing net closely misses Eustachio.
You feel sick.
Unknown command.
Reach: a) +0 trident
Press: ? - help, Dir - move target, f/p - Eustachio
Aim: Eustachio, wielding a +0 rapier of venom and wearing a +0 leather armour (lightly wounded, about 43% to evade your +0 trident)
You reach to attack!
You barely miss Eustachio.
Eustachio is lightly wounded.
You feel sick.
Unknown command.
Reach: a) +0 trident
Press: ? - help, Dir - move target, f/p - Eustachio
Aim: Eustachio, wielding a +0 rapier of venom and wearing a +0 leather armour (lightly wounded, about 43% to evade your +0 trident)
You closely miss Eustachio.
Eustachio is lightly wounded.
You feel sick.
You are no longer poisoned.
Eustachio hits you with a +0 rapier of venom.
* * * LOW HITPOINT WARNING * * *
You are lethally poisoned!
Unknown command.
Reach: a) +0 trident
Press: ? - help, Dir - move target, f/p - Eustachio
Aim: Eustachio, wielding a +0 rapier of venom and wearing a +0 leather armour (lightly wounded, about 43% to evade your +0 trident)
You puncture Eustachio!
Eustachio is moderately wounded.
* * * LOW HITPOINT WARNING * * *
You feel very sick. Eustachio hits you but does no damage.
You are more poisoned.
Unknown command.
Reach: a) +0 trident
Press: ? - help, Dir - move target, f/p - Eustachio
Aim: Eustachio, wielding a +0 rapier of venom and wearing a +0 leather armour (moderately wounded, about 43% to evade your +0 trident)
You hit Eustachio.
Eustachio is heavily wounded.
You die...

###.
.$..##+#####+#####
#....(............
#(....@@.#.....#
#$.............#
#..............#
##.....#.......#
#.#...+<......# #
#####.......#
#.......#
......!.#
#####....#


You could see Eustachio.

Vanquished Creatures
  3 gnolls (D:3)
  3 adders
  2 worms (D:2)
  2 dart slugs
  An orc (D:3)
  2 ball pythons
  5 endoplasms
  8 goblins
  5 hobgoblins
  2 kobolds
  2 quokkas
  3 bats
  2 frilled lizards
  3 rats
43 creatures vanquished.

Notes
Turn   | Place    | Note
-------+----------+-------------------------------------------
     0 | D:1      | lunkers the Merfolk Gladiator began the quest for the Orb.
     0 | D:1      | Reached XP level 1. HP: 16/16 MP: 1/1
   213 | D:1      | Reached XP level 2. HP: 23/23 MP: 2/2
   297 | D:1      | Reached skill level 5 in Polearms
   584 | D:2      | Found a glowing golden altar of the Shining One.
  1030 | D:2      | Reached XP level 3. HP: 28/28 MP: 3/3
  1746 | D:2      | Reached skill level 6 in Polearms
  2017 | D:3      | Reached XP level 4. HP: 30/35 MP: 4/4
  2683 | D:4      | Noticed Eustachio
  2700 | D:4      | Succumbed to Eustachio's poison

Illustrated notes

Levels and vault maps discovered:
D:1:      saegor_arrival_under_anarchy, layout_rooms
D:2:      layout_basic, basic_altar
D:3:      layout_basic
D:4:      layout_basic, kennysheep_small_square, uniq_eustachio

Skill      XL: |  1  2  3 |
---------------+----------+-----
Polearms       | 5 6 |  6.9
Fighting       | 3 |  3.5
Throwing       | |  2.0
Dodging        | |  4.0

Action                   |  1- 3 |  4- 6 || total
-------------------------+-------+-------++-------
Melee: Trident           |   116 |    50 ||   166
       Punch             |     2 |       ||     2
Throw: Throwing net      |       |     3 ||     3
  Use: Potion            |       |     1 ||     1
 Stab: Sleeping          |     2 |       ||     2
Armor: Leather armour    |     1 |       ||     1
       Scale mail        |    29 |    10 ||    39
Dodge: Dodged            |    41 |    19 ||    60

Table legend: (Time is in decaauts)
 A = Elapsed time spent in this place.
 B = Non-inter-level travel time spent in this place.
 C = Inter-level travel time spent in this place.
 D = Time resting spent in this place.
 E = Time spent auto-exploring this place.
 F = Levels seen in this place.
 G = Mean time per level.
                   A        B        C        D        E       F      G
               +--------+--------+--------+--------+--------+-----+--------+
         Total |   2699 |   2663 |     36 |      0 |   2294 |   4 |  674.8 |
       Dungeon |   2699 |   2663 |     36 |      0 |   2294 |   4 |  674.8 |
               +--------+--------+--------+--------+--------+-----+--------+

Top non-repeatable levels by time:
     D:2: 1400 daAuts
     D:3: 728 daAuts
     D:1: 554 daAuts
     D:4: 16 daAuts
